 Dungeon Crawl Stone Soup version 0.19.5 (webtiles) character file.

364 tidbits the Skirmisher (level 6, 21/69 HPs)
             Began as a High Elf Wanderer on Aug 8, 2017.
             Was an Initiate of Okawaru.
             Quit the game on level 7 of the Dungeon.
             The game lasted 00:15:55 (2537 turns).

tidbits the Skirmisher (High Elf Wanderer)          Turns: 2537, Time: 00:15:56

Health: 21/69      AC: 23    Str: 15    XL:     6   Next: 39%
Magic:  10/10      EV:  2    Int: 14    God:    Okawaru [......]
Gold:   193        SH:  0    Dex: 15    Spells: 0 memorised, 9 levels left

rFire  . . .     SeeInvis .     a - +1 dagger
rCold  . . .     Gourm    .     (armour currently unavailable)
rNeg   + + +     Faith    .     (no shield)
rPois  +         Spirit   .     (helmet currently unavailable)
rElec  .         Reflect  .     (cloak currently unavailable)
rCorr  .         Harm     .     (gloves currently unavailable)
MR     .....     NoTele   +     (boots currently unavailable)
Stlth  ++........               (no amulet)
                                (no ring)
                                t - ring of positive energy

@: mildly poisoned (21 -> 19), tree-form
A: no striking features
a: Renounce Religion


You were on level 7 of the Dungeon.
You worshipped Okawaru.
Okawaru was noncommittal.
You were hungry.
You were a tree.
You visited 2 branches of the dungeon, and saw 8 of its levels.

You collected 193 gold pieces.

Inventory:

Hand Weapons
 a - a +1 dagger (weapon)
 c - a +0 spear
Missiles
 d - 6 curare-tipped needles
 h - 87 stones
 i - 94 arrows
 q - 40 bolts
 s - 2 throwing nets (quivered) {!f}
Armour
 j - a +0 leather armour
 k - a +0 chain mail
   (You found it on level 1 of the Dungeon)
 B - a +0 ring mail (melded)
   (You found it on level 1 of the Dungeon)
 C - a +0 cloak (melded)
   (You found it on level 1 of the Dungeon)
 F - a +0 pair of boots (melded)
   (You found it on level 1 of the Dungeon)
Jewellery
 t - a ring of positive energy (left branch)
   (You found it on level 4 of the Dungeon)
Wands
 p - a wand of paralysis (0/24)
   (You found it on level 3 of the Dungeon)
 y - a wand of flame (29/48)
   (You found it on level 6 of the Dungeon)
Scrolls
 r - a scroll of remove curse
Potions
 e - 2 potions of might {unknown}
 l - a potion of curing
 u - a potion of agility {unknown}
 w - 2 potions of heal wounds
Comestibles
 f - 5 bread rations
 g - a slice of pizza
 m - a royal jelly
 o - 5 fruits
 x - 2 chunks of flesh


   Skills:
 - Level 6.2 Fighting
 + Level 4.1 Dodging
 - Level 2.1 Stealth
   Level 1.0 Shields
 - Level 2.4 Spellcasting
   Level 1.1 Transmutations


You had 9 spell levels left.
You didn't know any spells.

Dungeon Overview and Level Annotations

Branches:
Dungeon (7/15)             Temple (1/1) D:4

Altars:
Ashenzari
Cheibriados
Hepliaklqana
Kikubaaqudgha
Okawaru
Trog
Uskayaw
Yredelemnul

Annotations:
D:6 Dowan, Duvessa


Message History

You open the door. 2 killer bees come into view.
There is an open door here.
The helpless killer bee fails to defend itself.
You puncture the killer bee!
The killer bee is heavily wounded.
The killer bee stings you.
The killer bee stings you but does no damage.
You hit the killer bee but do no damage.
The killer bee is heavily wounded.
The killer bee buzzes angrily.
You hear an angry buzzing noise. x2
A killer bee comes into view.
You hit the killer bee but do no damage.
The killer bee barely misses you.
A killer bee comes into view.
You closely miss the killer bee. The killer bee stings you.
You are poisoned.
The killer bee poisons you! The killer bee stings you.
You turn into a tree.
Your +0 cloak melds into your body.
Your +0 pair of boots melds into your body.
Your +0 ring mail melds into your body.
Your roots penetrate the ground.
You feel sick. The killer bee barely misses you.
The killer bee stings you but does no damage.
You closely miss the killer bee.
The killer bee stings you but does no damage. x2
You miss the killer bee.
You feel sick.
The killer bee stings you but does no damage.
The killer bee barely misses you.
You hit the killer bee.
The killer bee is lightly wounded.
The killer bee stings you but does no damage.
The killer bee completely misses you.
You closely miss the killer bee.
The killer bee is lightly wounded.
You feel sick.
The killer bee stings you but does no damage. x2
You hit the killer bee.
The killer bee is lightly wounded.
The killer bee stings you.
The killer bee stings you but does no damage.
You hit the killer bee.
The killer bee is lightly wounded.
The killer bee stings you but does no damage. x2
You miss the killer bee.
The killer bee is lightly wounded.
The killer bee stings you. x2
* * * LOW HITPOINT WARNING * * *
You barely miss the killer bee.
The killer bee is lightly wounded.
You feel sick. The killer bee stings you.
* * * LOW HITPOINT WARNING * * *
You are more poisoned.
The killer bee poisons you!
The killer bee stings you but does no damage.
You barely miss the killer bee.
The killer bee is lightly wounded.
You feel sick.
The killer bee stings you but does no damage. x2
You miss the killer bee.
The killer bee is lightly wounded.
The killer bee stings you but does no damage. x2
You hit the killer bee.
The killer bee is lightly wounded.
You feel sick.
The killer bee stings you but does no damage. x2
You closely miss the killer bee.
The killer bee is lightly wounded.
You feel sick. The killer bee stings you.
* * * LOW HITPOINT WARNING * * *
The killer bee stings you.
* * * LOW HITPOINT WARNING * * *
You closely miss the killer bee.
The killer bee is lightly wounded.
The killer bee stings you but does no damage. x2 2 wights come into view.
You hit the killer bee but do no damage.
The killer bee is lightly wounded.
You feel sick. The killer bee completely misses you.
The killer bee stings you but does no damage.
You hit the killer bee but do no damage.
The killer bee is lightly wounded.
The killer bee stings you but does no damage. x2
You closely miss the killer bee.
The killer bee is lightly wounded.
You feel sick.
The killer bee stings you but does no damage. x2
You closely miss the killer bee.
The killer bee is lightly wounded.
The killer bee stings you but does no damage. x2
You miss the killer bee.
The killer bee is lightly wounded.
You feel sick.
The killer bee stings you but does no damage. x2
As you read the scroll labeled ENIETYLORR, it crumbles to dust.
It is a scroll of enchant weapon.
Your +0 dagger glows red for a moment.
The killer bee stings you but does no damage.
The killer bee stings you.
* * * LOW HITPOINT WARNING * * *
Are you sure you want to abandon this character and quit the game? (Confirm with "yes".) ##### yyy

#y#
+########♣###
........z...#
.......z....#
............#
..#######'###
#.# #.# #.#
#.# ##### #+


You could see 4 killer bees and 2 wights.

Vanquished Creatures
  An orc priest (D:4)
  An iguana (D:5)
  An orc wizard (D:4)
  5 worker ants
  A hound zombie (D:5)
  The ghost of tidbits the Ducker, a weakling HEWn (D:3)
  A hound skeleton (D:7)
  A gnoll (D:7)
  3 adders
  2 shadow imps (D:5)
  An adder zombie (D:6)
  2 adder skeletons
  A worm (D:3)
  A dart slug (D:1)
  3 leopard geckos
  8 orcs
  4 bats
  A giant cockroach (D:1)
  5 hobgoblins
  4 jackals (D:4)
  5 kobolds
  3 quokkas
  3 frilled lizards
  3 goblins
  2 rats
63 creatures vanquished.

Notes
Turn   | Place    | Note
-------+----------+-------------------------------------------
     0 | D:1      | tidbits the High Elf Wanderer began the quest for the Orb.
     0 | D:1      | tidbits set off with: a +0 leather armour, 2 throwing nets {!f}, a +0 spear, a potion of curing, a +0 dagger, a bread ration
     0 | D:1      | Reached XP level 1. HP: 13/13 MP: 4/4
   301 | D:1      | Reached skill level 2 in Fighting
   362 | D:1      | Reached XP level 2. HP: 13/19 MP: 6/6
   880 | D:3      | Reached skill level 3 in Fighting
   880 | D:3      | Reached XP level 3. HP: 12/26 MP: 7/7
  1029 | D:4      | Reached skill level 4 in Fighting
  1029 | D:4      | Reached XP level 4. HP: 23/33 MP: 8/8
  1187 | D:5      | Entered Level 5 of the Dungeon
  1248 | D:5      | Reached skill level 5 in Fighting
  1248 | D:5      | Reached XP level 5. HP: 39/39 MP: 9/9
  1466 | D:3      | Noticed tidbits's ghost (weakling HEWn)
  1476 | D:3      | Killed tidbits's ghost
  1679 | D:4      | Found a staircase to the Ecumenical Temple.
  1719 | Temple   | Entered the Ecumenical Temple
  1741 | Temple   | Became a worshipper of Warmaster Okawaru
  1945 | D:4      | Reached skill level 6 in Fighting
  1949 | D:4      | Reached XP level 6. HP: 31/46 MP: 10/10
  2411 | D:6      | Noticed Dowan
  2421 | D:6      | Noticed Duvessa
  2484 | D:7      | Reached skill level 4 in Dodging
  2537 | D:7      | Quit the game

Skill      XL: |  1  2  3  4  5  6 |
---------------+-------------------+-----
Fighting       | 2 3 4 5 6 |  6.2
Dodging        | 4 |  4.1
Stealth        | |  2.1
Shields        | |  1.0
Spellcasting   | |  2.4
Transmutations | |  1.1

Action                   |  1- 3 |  4- 6 || total
-------------------------+-------+-------++-------
Melee: Dagger            |   183 |   401 ||   584
       Short sword       |     4 |       ||     4
Throw: Throwing net      |     2 |       ||     2
Evoke: Wand              |     2 |    17 ||    19
  Use: Scroll            |     4 |     5 ||     9
       Potion            |     2 |     5 ||     7
 Stab: Paralysed         |     3 |    23 ||    26
       Sleeping          |       |     1 ||     1
  Eat: Chunk             |     1 |     5 ||     6
Armor: Leather armour    |     7 |       ||     7
       Ring mail         |    65 |   105 ||   170
       Skin              |       |    50 ||    50
Dodge: Dodged            |   114 |   213 ||   327

Table legend:
 A = Turns spent in this place as a percentage of turns spent in the entire game.
 B = Non-inter-level travel turns spent in this place as a percentage of non-inter-level travel turns spent in the entire game.
 C = Inter-level travel turns spent in this place as a percentage of turns spent in this place.
 D = Turns resting spent in this place as a percentage of non-inter-level travel turns spent in this place.
 E = Turns spent auto-exploring this place as a percentage of non-inter-level travel turns spent in this place.
 F = Non-inter-level travel turns spent in this place divided by the number of levels of this place that you've seen.
                   A       B       C       D       E      F
               +-------+-------+-------+-------+-------+----------------------
         Total | 100.0 | 100.0 |   0.1 |   0.4 |   0.0 | 283.0
       Dungeon |  98.9 |  98.9 |   0.0 |   0.4 |   0.0 | 319.9
        Temple |   1.1 |   1.1 |   3.8 |   0.0 |   0.0 |  25.0
               +-------+-------+-------+-------+-------+----------------------

Table legend:
 A = Kills in this place as a percentage of kills in entire the game.
 B = Kills by you in this place as a percentage of kills by you in the entire game.
 C = Kills by friends in this place as a percentage of kills by friends in the entire game.
 D = Other kills in this place as a percentage of other kills in the entire game.
 E = Experience gained in this place as a percentage of experience gained in the entire game.
 F = Experience gained in this place divided by the number of levels of this place that you have seen.
                   A       B       C       D       E      F
               +-------+-------+-------+-------+-------+----------------------
         Total | 100.0 | 100.0 |  -nan |  -nan | 100.0 |  65.1
       Dungeon | 100.0 | 100.0 |  -nan |  -nan | 100.0 |  74.4
               +-------+-------+-------+-------+-------+----------------------

Vault maps used:
D:1:      saegor_arrival_simple_a
D:2:      first_bread
D:3:      cheibrodos_greedy_goblins
D:4:      minmay_temple_entry_statues_pillars, minmay_misc_feat_ornament
D:5:      uniq_crazy_yiuf_cottage, uniq_menkaure
D:6:      uniq_duvessa
D:7:      fedhas_altar_3, basic_altar
Temple:   regret_index_temple_chain_breaker
